 Dungeon Crawl Stone Soup version 0.32-a0-898-g7811c86cf0 (webtiles) character file.

Game seed: 2977906108455313326

30 jasper the Trooper (level 3, 0/40 HPs)
             Began as an Oni Fighter on Apr 4, 2024.
             Succumbed to an adder's poison
             ... on level 2 of the Dungeon.
             The game lasted 00:01:18 (879 turns).

jasper the Trooper (Oni Fighter)                     Turns: 879, Time: 00:01:19

Health: 0/40       AC:  3    Str: 22    XL:     3   Next: 18%
Magic:  3/3        EV:  7    Int:  9    God:
Gold:   86         SH:  7    Dex:  8    Spells: 2/2 levels left

rFire   . .          .
                       - Unarmed
rCold   . . .        b - +0 kite shield
rNeg    . . .        a - +0 robe
rPois   .            (helmet restricted)
rElec   .            (no cloak)
rCorr   .            (gloves unavailable)
SInv    .            (boots unavailable)
Will    .....        (no amulet)
Stlth   +            (no ring)
HPRegen 0.26/turn    (no ring)
MPRegen 0.08/turn

%: no passive effects
@: lethally poisoned (0 -> -6)
A: large, unfitting armour, horns 1, tough skin 1, double potion healing,
drunken brawling
a: no special abilities


You were on level 2 of the Dungeon.
You visited 1 branch of the dungeon, and saw 2 of its levels.

You collected 86 gold pieces.

Inventory:

Armour
 a - a +0 robe (worn)
 b - a +0 kite shield (worn)
Wands
 m - a wand of polymorph (9)
Scrolls
 d - 3 scrolls of identify {unknown}
 f - a scroll of amnesia {unknown}
 k - a scroll of brand weapon {unknown}
 l - a scroll of teleportation {unknown}
 n - a scroll of enchant weapon {unknown}
Potions
 c - a potion of might
 e - a potion of resistance {unknown}
 g - a potion of enlightenment {unknown}
 h - a potion of lignification {unknown}
 i - a potion of ambrosia {unknown}
 j - a potion of curing {unknown}
 o - a potion of cancellation {unknown}


   Skills:
 + Level 4.4 Fighting
 - Level 2.6 Dodging
 + Level 3.0 Shields
 * Level 2.6 Unarmed Combat


You had 2 spell levels left.
You didn't know any spells.
Your spell library was empty.

Dungeon Overview and Level Annotations

Branches:
Dungeon (2/15)

Altars:


Innate Abilities, Weirdness & Mutations

You are too large for most types of armour.
You have a pair of small horns on your head.
You have tough skin. (AC +1)
You gain doubled healing and magic from potions.
Whenever you drink a healing potion, you attack all around you.


Message History

The adder bites you.
You are more poisoned.
The adder poisons you!
You take 3 damage, and have 20/40 hp.
You closely miss the adder. You headbutt the adder!
The adder is almost dead.
You feel sick. You block the adder's attack. x2
You take 2 damage, and have 18/40 hp.
You closely miss the adder.
The adder is almost dead.
You feel sick. You block the adder's attack.
You miss the adder. Your headbutt misses the adder.
The adder is almost dead.
You feel sick. The adder closely misses you. The adder bites you.
You take 5 damage, and have 13/40 hp.
You hit the adder but do no damage.
The adder is almost dead.
You feel sick. The adder barely misses you.
You take 1 damage, and have 12/40 hp.
You closely miss the adder.
The adder is almost dead.
You feel sick. You block the adder's attack.
You take 1 damage, and have 11/40 hp.
You barely miss the adder. Your headbutt misses the adder.
The adder is almost dead.
You feel sick. The adder closely misses you. The adder bites you.
* * * LOW HITPOINT WARNING * * *
You take 4 damage, and have 7/40 hp.
You miss the adder.
The adder is almost dead.
You feel sick.
You are no longer poisoned.
The adder bites you.
* * * LOW HITPOINT WARNING * * *
You are lethally poisoned!
The adder poisons you!
You take 5 damage, and have 2/40 hp.
You hit the adder. Your headbutt misses the adder.
The adder is almost dead.
You die...

##.# .#.# ##### .. ...#
... .# . #.###.# .#)#
.## #.....# .#.# ...
#...#####.#.####.#
........#..... ..#
#.###....##.# #S#
#.....#...#.# #@#
####..###.#.# #.#
..........# #.#
####.####..### #.#
.............###.######
##...#######............
.....# #####.#####.#
...... #... ...... #####


You could see an adder.

Vanquished Creatures
  2 dart slugs (D:1)
  A ribbon worm (D:2)
  An endoplasm (D:1)
  3 goblins (D:1)
  5 hobgoblins (D:1)
  2 quokkas (D:2)
  2 bats
  A frilled lizard (D:1)
  2 kobolds (D:1)
  3 rats
22 creatures vanquished.

Notes
Turn   | Place    | Note
-------+----------+-------------------------------------------
     0 | D:1      | jasper the Oni Fighter began the quest for the Orb.
     0 | D:1      | Reached XP level 1. HP: 24/24 MP: 1/1
   154 | D:1      | Reached XP level 2. HP: 32/32 MP: 2/2
   676 | D:2      | Reached XP level 3. HP: 31/40 MP: 3/3
   878 | D:2      | HP: 2/40 [adder (4)]
   879 | D:2      | Succumbed to an adder's poison

Illustrated notes

Levels and vault maps discovered:
D:1:      lemuel_arrival_behind_the_door_large, layout_basic,
          serial_corexii_hall, chequers_hall_statues_y, corexii_hall_statues_x,
          corexii_hall_statues_i, corexii_hall_statues_l, minmay_quantized
D:2:      layout_basic, basic_ecumenical_altar, basic_altar

Skill      XL: |  1  2 |
---------------+-------+-----
Unarmed Combat | 2 |  2.6
Shields        | 3 |  3.0
Fighting       | |  4.4
Dodging        | |  2.6

Action                     || total
---------------------------++-------
  Melee: Unarmed           ||    88
         Headbutt          ||    16
    Use: Potion            ||     1
 Armour: Robe              ||    46
  Dodge: Dodged            ||    28
  Block: Kite shield       ||    29

Table legend: (Time is in decaauts)
 A = Elapsed time spent in this place.
 B = Non-inter-level travel time spent in this place.
 C = Inter-level travel time spent in this place.
 D = Time resting spent in this place.
 E = Time spent auto-exploring this place.
 F = Levels seen in this place.
 G = Mean time per level.
                   A        B        C        D        E       F      G
               +--------+--------+--------+--------+--------+-----+--------+
         Total |    886 |    865 |     21 |      0 |    639 |   2 |  443.0 |
       Dungeon |    886 |    865 |     21 |      0 |    639 |   2 |  443.0 |
               +--------+--------+--------+--------+--------+-----+--------+

Top non-repeatable levels by time:
     D:1: 632 daAuts
     D:2: 254 daAuts
